 Dungeon Crawl Stone Soup version 0.26-a0-846-gcc8f1ee719 (webtiles) character file.

Game seed: 757977095882738091

237498 jestyr24 the Gelid (level 18, -7/165 HPs)
             Began as a Demonspawn Ice Elementalist on Nov 19, 2020.
             Was the Champion of Vehumet.
             Killed from afar by a deep elf annihilator (74 damage)
             ... with an iron shot
             ... on level 2 of the Elven Halls.
             The game lasted 05:15:32 (41634 turns).

jestyr24 the Gelid (Demonspawn Ice Elementalist)   Turns: 41634, Time: 05:15:32

Health: -7/165     AC: 32    Str: 15    XL:     18   Next: 97%
Magic:  0/34       EV:  0    Int: 33    God:    Vehumet [******]
Gold:   4738       SH: 25    Dex: 18    Spells: 20/41 levels left

rFire    + + +     SeeInvis +   w - +9 mace of Quick Death {distort, Str+2 Int+4}
rCold    + . .     Faith    .   b - +3 tower shield
rNeg     + . .     Spirit   +   M - +9 scales of the Dragon King {rPois rF+ rC+ MR+}
rPois    +         Reflect  +   (helmet unavailable)
rElec    +         Harm     +   n - scarf {harm}
rCorr    .         Rampage  .   I - +2 pair of gloves
MR       ++...                  l - +2 pair of boots
Stlth    ..........             m - amulet of reflection
HPRegen  0.37/turn              L - ring "Imyoqego" {Wiz rElec rF+ rN+ Str+4}
MPRegen  0.48/turn              a - ring "Qoymi" {rPois Int+7 Dex+4 Stlth-}

@: lethally poisoned (-7 -> -8), frozen ramparts
A: antennae 3, molten scales 3, clumsy 1, deformed body, robust 2, spiny 2,
magic shield, magic regeneration
}: 1/15 runes: decaying
a: Renounce Religion


You were on level 2 of the Elven Halls.
You worshipped Vehumet.
Vehumet was exalted by your worship.
You visited 7 branches of the dungeon, and saw 34 of its levels.
You also visited: Ice Cave and Volcano.

You collected 4738 gold pieces.

Inventory:

Hand Weapons
 w - the +9 mace of Quick Death (weapon) {distort, Str+2 Int+4}
   (You found it on level 4 of the Dungeon)

   It warps and distorts space around it.
   Unwielding it can cause banishment or high damage.
   It affects your strength (+2).
   It affects your intelligence (+4).
 B - a +1 flail of protection
 W - a +1 morningstar of draining
Missiles
 g - 3 throwing nets (quivered)
 t - 2 boomerangs of dispersal
 y - 7 datura-tipped darts
 H - 5 atropa-tipped darts
Armour
 b - a +3 tower shield (worn)
 l - a +2 pair of boots (worn)
 n - a scarf of harm (worn)
 r - a +2 buckler of positive energy
 C - a +2 kite shield of poison resistance
 I - a +2 pair of gloves (worn)
 J - a +1 buckler of cold resistance
 M - the +9 scales of the Dragon King (worn) {rPois rF+ rC+ MR+}
   (You found it on level 8 of the Dungeon)

   It protects you from fire.
   It protects you from cold.
   It protects you from poison.
   It affects your resistance to hostile enchantments.
Magical Staves
 U - an uncursed staff of cold
Jewellery
 a - the ring "Qoymi" (right hand) {rPois Int+7 Dex+4 Stlth-}
   (You acquired it on level 11 of the Dungeon)

   [ring of poison resistance]

   It affects your intelligence (+7).
   It affects your dexterity (+4).
   It protects you from poison.
   It makes you less stealthy.
 e - an uncursed ring of flight
 m - an amulet of reflection (around neck)
 o - an uncursed ring of magical power
 q - an uncursed ring of protection from magic
 x - an uncursed ring of ice
 L - the ring "Imyoqego" (left hand) {Wiz rElec rF+ rN+ Str+4}
   (You found it on level 4 of the Lair of Beasts)

   [ring of wizardry]

   It improves your spell success rate.
   It affects your strength (+4).
   It protects you from fire.
   It insulates you from electricity.
   It protects you from negative energy.
 S - an uncursed ring of positive energy
 Y - an uncursed ring of resist corrosion
Wands
 D - a wand of enslavement (27)
 N - a wand of digging (19)
 Q - a wand of iceblast (4)
 Z - a wand of paralysis (13)
Scrolls
 f - 17 scrolls of teleportation
 h - a scroll of brand weapon
 i - 15 scrolls of blinking
 j - 3 scrolls of amnesia
 z - 10 scrolls of enchant weapon
 A - 17 scrolls of remove curse
 E - 5 scrolls of immolation
 G - 3 scrolls of fear
 O - 6 scrolls of magic mapping
 P - 3 scrolls of silence
 R - 9 scrolls of identify
Potions
 c - a potion of resistance
 d - 13 potions of curing
 k - 2 potions of flight
 p - 5 potions of heal wounds
 s - 6 potions of brilliance
 u - a potion of berserk rage
 v - a potion of magic
 K - 3 potions of haste
 T - 3 potions of cancellation
 V - 5 potions of might
Miscellaneous
 F - a phantom mirror


   Skills:
 + Level 11.5 Fighting
 + Level 12.7 Maces & Flails
 - Level 2.5 Throwing
 + Level 11.1 Armour
 - Level 4.3 Dodging
 - Level 7.3 Stealth
 + Level 11.3 Shields
 * Level 12.2 Spellcasting
 * Level 8.0 Conjurations
 * Level 10.4 Hexes
 - Level 16.2 Ice Magic


You had 20 spell levels left.
You knew the following spells:

 Your Spells              Type           Power        Failure   Level
a - Freeze                Ice            ####         1%          1
b - Frozen Ramparts       Ice            ######       1%          3
c - Ozocubu's Armour      Ice            #######.     6%          3
d - Freezing Cloud        Conj/Ice/Air   ######....   100%        6
e - Ensorcelled Hibernat  Hex/Ice        ######       11%         2
f - Ozocubu's Refrigerat  Ice            #######...   56%         6

Your spell library contained the following spells:

 Spells                   Type           Power        Failure   Level
 Lehudib's Crystal Spear  Conj/Erth      #####.....   100%        8
 Absolute Zero            Ice            #######...   100%        9
 Fire Storm               Conj/Fire      #####.....   100%        9
 Magic Dart               Conj           ####         17%         1
 Searing Ray              Conj           ######       24%         2
 Dazzling Flash           Conj/Hex       ######       28%         3
 Hailstorm                Conj/Ice       #######.     28%         4
 Slow                     Hex            ######..     32%         2
 Confusing Touch          Hex            ######..     54%         3
 Tukima's Dance           Hex            ######..     54%         3
 Fulminant Prism          Conj/Hex       ######....   61%         4
 Metabolic Englaciation   Hex/Ice        #######...   86%         5
 Conjure Flame            Conj/Fire      #####...     87%         3
 Cause Fear               Hex            ######....   90%         4
 Mephitic Cloud           Conj/Pois/Air  #####...     96%         3
 Iskenderun's Mystic Bla  Conj/Tloc      #####...     99%         4
 Summon Ice Beast         Ice/Summ       ######..     99%         4
 Apportation              Tloc           ###...       100%        1
 Sting                    Tmut/Pois      ###.         100%        1
 Blink                    Tloc           N/A          100%        2
 Call Imp                 Summ           ###.....     100%        2
 Corpse Rot               Necr/Air       N/A          100%        2
 Sublimation of Blood     Necr           ###.......   100%        2
 Gell's Gravitas          Tloc           ###.......   100%        3
 Lesser Beckoning         Tloc           ###.......   100%        3
 Dispel Undead            Necr           ###.....     100%        4
 Leda's Liquefaction      Hex/Erth       ######....   100%        4
 Petrify                  Tmut/Erth      ###.....     100%        4
 Agony                    Necr           ###.....     100%        5
 Alistair's Intoxication  Tmut/Pois      ###......    100%        5
 Bolt of Magma            Conj/Fire/Erth #####.....   100%        5
 Excruciating Wounds      Necr           ###.......   100%        5
 Silence                  Hex/Air        ######....   100%        5
 Summon Mana Viper        Hex/Summ       ######..     100%        5
 Yara's Violent Unravell  Hex/Tmut       ######....   100%        5
 Invisibility             Hex            ######..     100%        6
 Iron Shot                Conj/Erth      #####.....   100%        6
 Statue Form              Tmut/Erth      ###......    100%        6
 Discord                  Hex            ######....   100%        8
 Shatter                  Erth           ###.......   100%        9


Dungeon Overview and Level Annotations

Branches:
Dungeon (15/15)            Temple (0/1) D:6            Lair (6/6) D:11
  Swamp (4/4) Lair:2        Snake (3/4) Lair:2        Slime (1/5) Lair:5
    Orc (2/2) D:12            Elf (3/3) Orc:2        Vaults (0/5) D:13
 Depths (0/5) D:15          IceCv (visited)         Volcano (visited)

Altars:
Ashenzari
Elyvilon
Fedhas
Gozag
Hepliaklqana
Okawaru
Qazlal
Ru
Sif Muna
Trog
Uskayaw
Vehumet
Wu Jian
Xom
Zin
The Shining One
Jiyva

Shops:
D:5 *   D:12 [   D:14 (   Orc:2 =}(*   Elf:3 [   Snake:1 ?   Snake:3 }}*[

Annotations:
Abyss:1 Bai Suzhen; Erica; Frances; Roxanne; pablito's ghost, journeyman TrBe


Innate Abilities, Weirdness & Mutations

You have a pair of large antennae on your head. (SInv)
You are completely covered in molten scales. (AC +4, rF+)
You are mostly covered in sharp spines.
When hurt, damage is shared between your health and your magic reserves.
You regenerate magic rapidly.
You are clumsy. (Dex -2)
Armour fits poorly on your strangely shaped body.
You are very robust. (+20% HP)


Message History

You block the deep elf mage's attack.
The deep elf annihilator points at you and mumbles some strange words.
The bolt of lightning hits you! You resist.
You barely miss the deep elf mage.
The deep elf mage is heavily wounded.
You block the deep elf mage's attack.
The deep elf annihilator casts a spell at you.
The iron shot hits you!!!
You closely miss the deep elf mage.
The deep elf mage is heavily wounded.
You feel sick.
The deep elf mage gestures at you while chanting.
The lance of force reflects off an invisible shield around you!
The lance of force hits the deep elf mage!
The deep elf mage is knocked back by the lance of force.
The deep elf annihilator gestures wildly while chanting.
The deep elf annihilator blinks!
The deep elf annihilator gestures at you while chanting.
The iron shot hits you!!!!
You die...

###.##(.## #......... ##.........
#######################.....##...
.............e.......##....#####.
.....................##..)## ##
...........).*......§###...#####.
####.............[..§# ##(..##...
..+.....(...e..@...§# ##........
..#............§!.[)###.........
#..#................[##......)...
#..#.................###.........
#..#.................# ##........
#. #........(........# ##........
# #.................###.........
# #..(..............##..........
# #...((............###.........


You could see a deep elf annihilator (empowered), a deep elf mage (empowered)
and a battlesphere.

Vanquished Creatures
  Nikola (Swamp:2)
  2 deep elf blademasters (Elf:2)
  An acid blob (Slime:1)
  A thorn hunter (Swamp:4)
  Kirke (Elf:1)
  3 azure jellies
  2 nagarajas (Snake:3)
  A deep elf sorcerer (Elf:1)
  Azrael (D:12)
  2 bunyips
  Josephine (D:10)
  An eleionoma (Swamp:3)
  A fire dragon (Volcano)
  2 shambling mangroves (Swamp:4)
  A deep elf high priest (Elf:2)
  A naga warrior (Snake:2)
  13 hydras
  A ghost crab (Swamp:3)
  3 centaur warriors
  4 anacondas
  A catoblepas (Lair:4)
  10 two-headed ogres
  25 dancing weapons
  2 alligators
  A tengu warrior (D:14)
  2 ogre magi (Orc:2)
  Urug (Lair:6)
  7 naga sharpshooters
  3 shock serpents
  2 goliath frogs (Swamp:2)
  18 deep elf knights
  A salamander mystic (Snake:3)
  A deep troll (Orc:2)
  2 naga ritualists (Snake:3)
  2 spriggan druids
  5 unseen horrors
  11 swamp dragons
  2 bog bodies (Swamp:1)
  3 wizards (D:15)
  A lindwurm (Volcano)
  3 deep elf archers (Elf:2)
  2 necromancers
  An orc knight (Orc:2)
  2 will-o-the-wisps
  11 ugly things
  A shining eye (Slime:1)
  2 oklob plants (Lair:4)
  42 deep elf magi
  5 mana vipers
  6 salamanders
  4 cyclopes
  4 centaur zombies
  Maurice (Orc:2)
  19 black mambas
  3 guardian serpents
  2 gargoyles
  20 cane toads
  An efreet (D:14)
  4 naga magi
  2 rime drakes
  11 freezing wraiths
  3 komodo dragons
  2 kobold demonologists
  3 meliai (D:14)
  Grinder (D:5)
  A meliai (shapeshifter) (Elf:2)
  5 tyrant leeches
  A wolf spider simulacrum (IceCv)
  13 trolls
  11 hornets
  21 blink frogs
  5 slime creatures
  A vampire (D:14)
  3 air elementals (Elf:2)
  A shadow (D:13)
  3 wyverns
  4 wraiths
  11 spriggans
  2 water elementals
  2 hogs (Elf:1)
  33 yaks
  4 fire elementals
  4 fire bats (Volcano)
  A basilisk (Lair:1)
  A redback simulacrum (D:15)
  A steam dragon (Volcano)
  17 swamp worms
  11 vampire mosquitoes
  3 acid dragons
  24 nagas
  22 water moccasins
  4 hell hounds (D:12)
  A sky beast (D:13)
  13 orc warriors
  9 swamp drakes
  4 black bears
  An alligator simulacrum (IceCv)
  3 eyes of draining
  8 ice beasts
  23 ogres
  A phantom (D:4)
  5 wolves (Lair:4)
  10 centaurs
  4 big kobolds
  27 bullfrogs
  3 earth elementals
  6 scorpions
  6 killer bees (D:9)
  A swamp dragon simulacrum (IceCv)
  An elephant simulacrum (IceCv)
  25 wights
  8 howler monkeys
  2 electric eels
  2 bullfrog zombies
  A lava snake (D:15)
  10 hounds
  2 quasits
  2 draconian simulacra (IceCv)
  Crazy Yiuf (D:4)
  12 orc priests
  5 centaur skeletons
  4 jellies
  19 orc wizards
  Jessica (Elf:3)
  Terence (D:3)
  6 troll simulacra (IceCv)
  5 iguanas
  3 spriggan simulacra (IceCv)
  11 worker ants
  5 centaur simulacra
  7 gnolls (D:8)
  2 naga simulacra (IceCv)
  3 ogre simulacra (IceCv)
  7 adders
  A shadow imp (D:9)
  25 white imps
  4 ufetubi
  An adder skeleton (D:6)
  6 worms
  A dart slug (D:3)
  6 leopard geckos
  57 orcs
  7 bats
  4 giant cockroaches
  6 goblins
  2 hobgoblins
  8 jackals
  3 quokkas
  2 ball pythons
  3 frilled lizards
  A jackal zombie (D:7)
  28 kobolds
  A quokka skeleton (D:7)
  4 rats
  A fire vortex (D:15)
948 creatures vanquished.

Vanquished Creatures (collateral kills)
  2 cane toads (Lair:6)
2 creatures vanquished.

Vanquished Creatures (others)
  A deep elf knight (Elf:3)
  A swamp dragon (Swamp:1)
  A spriggan druid (Swamp:2)
  4 deep elf magi
  A bloated husk (Swamp:1)
  A hornet (Swamp:2)
  4 spriggans
  5 briar patches (Swamp:2)
  8 foxfires (Swamp:4)
  65 fungi
  126 plants
217 creatures vanquished.

Grand Total: 1167 creatures vanquished

Notes
Turn   | Place    | Note
-------+----------+-------------------------------------------
     0 | D:1      | jestyr24 the Demonspawn Ice Elementalist began the quest
                  | for the Orb.
     0 | D:1      | Reached XP level 1. HP: 13/13 MP: 3/3
   612 | D:1      | Reached skill level 4 in Ice Magic
   612 | D:1      | Gained mutation: You are partially covered in sharp spines.
                  | [demonic ancestry]
   612 | D:1      | Reached XP level 2. HP: 19/19 MP: 3/5
  1591 | D:2      | Gained mutation: You are mostly covered in sharp spines.
                  | [demonic ancestry]
  1591 | D:2      | Reached XP level 3. HP: 8/24 MP: 6/6
  2148 | D:2      | Found a glowing silver altar of Zin.
  2224 | D:2      | Found a shimmering altar of Xom.
  2224 | D:2      | Found an iron altar of Okawaru.
  2300 | D:3      | HP: 1/24 [orc wizard/magic dart (9)]
  2614 | D:3      | Found a radiant altar of Vehumet.
  2671 | D:3      | Became a worshipper of Vehumet
  2704 | D:3      | Reached XP level 4. HP: 30/30 MP: 5/8
  2996 | D:3      | Learned a level 3 spell: Frozen Ramparts
  3209 | D:3      | Noticed Terence
  3221 | D:3      | Killed Terence
  3222 | D:3      | Gained mutation: You are partially covered in molten
                  | scales. (AC +2) [demonic ancestry]
  3222 | D:3      | Reached XP level 5. HP: 35/35 MP: 9/9
  3634 | D:4      | Noticed a phantom
  3673 | D:4      | Killed a phantom
  3805 | D:4      | Reached skill level 5 in Ice Magic
  3805 | D:4      | Gained mutation: You are mostly covered in molten scales.
                  | (AC +3) [demonic ancestry]
  3805 | D:4      | Reached XP level 6. HP: 41/41 MP: 11/11
  3809 | D:4      | Reached * piety under Vehumet
  3809 | D:4      | Offered knowledge of Shock by Vehumet.
  3896 | D:4      | Found a runed translucent door.
  3897 | D:4      | Noticed Crazy Yiuf
  3903 | D:4      | Killed Crazy Yiuf
  3909 | D:4      | Got a polished mace
  3914 | D:4      | Identified the +9 mace of Quick Death {distort, Str+2
                  | Int+4} (You found it on level 4 of the Dungeon)
  4245 | D:4      | Reached XP level 7. HP: 47/47 MP: 13/13
  4445 | D:4      | Reached skill level 1 in Maces & Flails
  4475 | D:4      | Found a hide-covered altar of Uskayaw.
  4475 | D:4      | Found a broken altar of Ashenzari.
  4692 | D:5      | Entered Level 5 of the Dungeon
  4697 | D:5      | Reached skill level 1 in Fighting
  4721 | D:5      | Found Xaamaw Touk's General Store.
  4901 | D:5      | Reached skill level 1 in Shields
  4946 | D:5      | Found a faded altar of an unknown god.
  4946 | D:5      | Found a white marble altar of Elyvilon.
  4951 | D:5      | Found a sacrificial altar of Ru.
  4953 | D:5      | Found a bloodstained altar of Trog.
  4954 | D:5      | Found a faded altar of an unknown god.
  5024 | D:5      | Noticed Grinder
  5042 | D:5      | Killed Grinder
  5043 | D:5      | Gained mutation: When hurt, damage is shared between your
                  | health and your magic reserves. [demonic ancestry]
  5043 | D:5      | Reached XP level 8. HP: 4/56 MP: 14/14
  5370 | D:5      | Found a glowing golden altar of the Shining One.
  5449 | D:5      | Found an ornate altar of the Wu Jian Council.
  5800 | D:6      | Killed an unseen horror
  5934 | D:6      | Found a stormy altar of Qazlal.
  5944 | D:6      | Learned a level 3 spell: Ozocubu's Armour
  6098 | D:6      | Reached skill level 5 in Spellcasting
  6191 | D:6      | Found a staircase to the Ecumenical Temple.
  6206 | D:6      | Reached skill level 5 in Maces & Flails
  6210 | D:6      | Reached skill level 6 in Ice Magic
  6210 | D:6      | Gained mutation: You regenerate magic rapidly. [demonic
                  | ancestry]
  6210 | D:6      | Reached XP level 9. HP: 37/63 MP: 14/16
  6220 | D:6      | Offered knowledge of Foxfire by Vehumet.
  6223 | D:6      | Reached ** piety under Vehumet
  7021 | D:7      | Found a blossoming altar of Fedhas.
  7604 | D:8      | Found the +9 scales of the Dragon King {rPois rF+ rC+ MR+}
  7702 | D:8      | Offered knowledge of Inner Flame by Vehumet.
  7747 | D:8      | Noticed a two-headed ogre
  7753 | D:8      | Banished a two-headed ogre
  7754 | D:8      | Gained mutation: You have a pair of small antennae on your
                  | head. [demonic ancestry]
  7754 | D:8      | Reached XP level 10. HP: 71/71 MP: 18/18
  7777 | D:8      | Reached *** piety under Vehumet
  7978 | D:8      | Noticed a centaur warrior
  7989 | D:8      | Killed a centaur warrior
  7990 | D:8      | Reached skill level 1 in Armour
  7990 | D:8      | Reached skill level 5 in Stealth
  8518 | D:8      | Reached skill level 5 in Fighting
  8533 | D:9      | Found a hazy altar of Hepliaklqana.
  8588 | D:9      | Offered knowledge of Airstrike by Vehumet.
  8933 | D:9      | Reached **** piety under Vehumet
  9664 | D:10     | Entered Level 10 of the Dungeon
  9681 | D:10     | Killed an unseen horror
  9757 | D:10     | Offered knowledge of Mephitic Cloud by Vehumet.
  9758 | D:10     | Reached XP level 11. HP: 84/84 MP: 19/19
  9952 | D:10     | Noticed a white ugly thing
  9968 | D:10     | Killed a white ugly thing
 10111 | D:10     | Reached skill level 7 in Ice Magic
 10257 | D:10     | Reached skill level 5 in Armour
 10266 | D:10     | Noticed Josephine
 10298 | D:10     | Killed Josephine
 10726 | D:11     | Found a staircase to the Lair.
 10800 | D:11     | Noticed a two-headed ogre
 10806 | D:11     | Banished a two-headed ogre
 10919 | D:11     | Reached ***** piety under Vehumet
 11015 | D:11     | Noticed a cyan ugly thing
 11018 | D:11     | Noticed a purple ugly thing
 11020 | D:11     | Banished a cyan ugly thing
 11025 | D:11     | Banished a purple ugly thing
 11050 | D:11     | Offered knowledge of Spellforged Servitor by Vehumet.
 11130 | D:11     | Identified a scroll of acquirement
 11130 | D:11     | Acquired the ring "Qoymi" {rPois Int+7 Dex+4 Stlth-}
 11138 | D:11     | Gained mutation: You have supernaturally acute eyesight.
                  | (SInv) [potion of mutation]
 11138 | D:11     | Gained mutation: Your body sometimes deteriorates upon
                  | taking damage. [potion of mutation]
 11138 | D:11     | Gained mutation: You expend magic power (3 MP) to
                  | strengthen your wands. [potion of mutation]
 11359 | D:11     | Noticed Erica
 11371 | D:11     | Banished Erica
 11372 | D:11     | Reached XP level 12. HP: 52/92 MP: 23/23
 11716 | D:11     | Found a runed translucent door.
 11716 | D:11     | Noticed pablito's ghost (journeyman TrBe)
 11955 | D:11     | Banished pablito's ghost
 11956 | D:11     | Reached skill level 5 in Shields
 11956 | D:11     | Reached skill level 8 in Ice Magic
 12145 | Lair:1   | Entered Level 1 of the Lair of Beasts
 12182 | Lair:1   | Found a frozen archway.
 12187 | Lair:1   | You fall into a shaft and drop 1 floor!
 12214 | IceCv    | Entered an ice cave
 12386 | IceCv    | Reached skill level 1 in Throwing
 12970 | IceCv    | Lost mutation: Your body sometimes deteriorates upon taking
                  | damage. [potion of mutation]
 12970 | IceCv    | Lost mutation: You expend magic power (3 MP) to strengthen
                  | your wands. [potion of mutation]
 12970 | IceCv    | Gained mutation: You have sharp toenails. [potion of
                  | mutation]
 12970 | IceCv    | Gained mutation: You are dopey. (Int -2) [potion of
                  | mutation]
 12970 | IceCv    | Gained mutation: You are somewhat resistant to further
                  | mutation. [potion of mutation]
 12971 | IceCv    | Lost mutation: You are somewhat resistant to further
                  | mutation. [potion of mutation]
 12971 | IceCv    | Lost mutation: You have supernaturally acute eyesight.
                  | (SInv) [potion of mutation]
 12971 | IceCv    | Gained mutation: You are occasionally teleported next to
                  | monsters. [potion of mutation]
 12971 | IceCv    | Gained mutation: You are robust. (+10% HP) [potion of
                  | mutation]
 13019 | IceCv    | Found an ancient bone altar of Kikubaaqudgha.
 14564 | Lair:2   | Reached skill level 9 in Ice Magic
 14646 | Lair:2   | Found a staircase to the Snake Pit.
 14892 | Lair:2   | Offered knowledge of Freezing Cloud by Vehumet.
 14899 | Lair:2   | Gained mutation: You have a pair of antennae on your head.
                  | [demonic ancestry]
 14899 | Lair:2   | Reached XP level 13. HP: 92/107 MP: 25/25
 14911 | Lair:2   | Learned a level 6 spell: Freezing Cloud
 15144 | Lair:2   | Lost mutation: You have sharp toenails. [potion of
                  | mutation]
 15144 | Lair:2   | Lost mutation: You are robust. (+10% HP) [potion of
                  | mutation]
 15144 | Lair:2   | Lost mutation: You are occasionally teleported next to
                  | monsters. [potion of mutation]
 15144 | Lair:2   | Gained mutation: You are robust. (+10% HP) [potion of
                  | mutation]
 15144 | Lair:2   | Gained mutation: You are clumsy. (Dex -2) [potion of
                  | mutation]
 15144 | Lair:2   | Lost mutation: You are dopey. (Int -2) [potion of mutation]
 15144 | Lair:2   | Gained mutation: You are very robust. (+20% HP) [potion of
                  | mutation]
 15237 | Lair:2   | Found a staircase to the Swamp.
 16442 | Lair:4   | Got a smoking turquoise ring
 16452 | Lair:4   | Identified the ring "Imyoqego" {Wiz rElec rF+ rN+ Str+4}
                  | (You found it on level 4 of the Lair of Beasts)
 16793 | Lair:4   | Reached skill level 10 in Ice Magic
 17297 | Lair:5   | Reached skill level 1 in Conjurations
 17517 | Lair:5   | Found a staircase to the Slime Pits.
 17517 | Lair:5   | Found a viscous altar of Jiyva.
 18092 | Lair:6   | Entered Level 6 of the Lair of Beasts
 18138 | Lair:5   | Reached skill level 11 in Ice Magic
 18654 | Lair:6   | Reached skill level 10 in Spellcasting
 18654 | Lair:6   | Gained mutation: You are completely covered in molten
                  | scales. (AC +4, rF+) [demonic ancestry]
 18654 | Lair:6   | Reached XP level 14. HP: 94/127 MP: 25/28
 19476 | Lair:6   | Noticed Urug
 19488 | Lair:6   | Killed Urug
 19791 | D:12     | Found Yfatomot's Armour Boutique.
 19824 | D:12     | Reached skill level 5 in Conjurations
 19824 | D:12     | Reached skill level 12 in Ice Magic
 20124 | D:12     | Found a staircase to the Orcish Mines.
 20136 | Orc:1    | Entered Level 1 of the Orcish Mines
 20157 | Orc:1    | Offered knowledge of Irradiate by Vehumet.
 20476 | Orc:2    | Entered Level 2 of the Orcish Mines
 20488 | Orc:2    | Noticed Maurice
 20501 | Orc:2    | Killed Maurice
 20534 | Orc:2    | Found a staircase to the Elven Halls.
 20682 | Orc:2    | Found a dark tunnel.
 20716 | Volcano  | Entered a volcano
 21485 | Orc:2    | Found Pyumpaf's General Store.
 21892 | Orc:2    | Reached skill level 13 in Ice Magic
 21981 | Orc:2    | Found Xomy's Gadget Shop.
 21988 | Orc:2    | Found Saaruez's Jewellery Shoppe.
 22033 | Orc:2    | Found Zef Byid's Antique Weapon Shop.
 22757 | D:12     | Reached ****** piety under Vehumet
 22805 | D:12     | Offered knowledge of Orb of Destruction by Vehumet.
 22806 | D:12     | Reached XP level 15. HP: 117/135 MP: 30/30
 23174 | D:12     | Noticed Azrael
 23199 | D:12     | Killed Azrael
 24004 | D:13     | Noticed Frances
 24026 | D:13     | Banished Frances
 24713 | D:13     | Found a gate to the Vaults.
 25335 | D:14     | Found Wupsein's Weapon Emporium.
 25617 | D:14     | Offered knowledge of Iskenderun's Battlesphere by Vehumet.
 25644 | D:14     | Reached skill level 10 in Armour
 25728 | D:14     | Identified Roxanne's Incunabulum of Moulding
 25728 | D:14     | Noticed Roxanne
 25772 | D:14     | Banished Roxanne
 25790 | D:14     | Found a blossoming altar of Fedhas.
 26089 | D:14     | Reached skill level 10 in Fighting
 26204 | D:15     | Entered Level 15 of the Dungeon
 26279 | D:15     | Reached skill level 14 in Ice Magic
 26368 | D:15     | Found a staircase to the Depths.
 26797 | D:15     | Found an opulent altar of Gozag.
 27209 | Snake:1  | Entered Level 1 of the Snake Pit
 27332 | Snake:1  | Found an iron altar of Okawaru.
 27374 | Snake:1  | Acquired the Almanac of Mutagenic Malediction
 27380 | Snake:1  | Acquired a book of Death
 27382 | Snake:1  | Acquired 894 gold pieces
 27429 | Snake:1  | Found Weuf's Magic Scroll Shop.
 27505 | Snake:1  | Reached skill level 10 in Maces & Flails
 27915 | Snake:2  | Reached XP level 16. HP: 146/146 MP: 31/31
 27948 | Snake:2  | Learned a level 2 spell: Ensorcelled Hibernation
 28126 | Snake:2  | Reached skill level 1 in Hexes
 28158 | Snake:2  | Offered knowledge of Ozocubu's Refrigeration by Vehumet.
 28167 | Snake:2  | Learned a level 6 spell: Ozocubu's Refrigeration
 28907 | Snake:3  | Reached skill level 10 in Shields
 29654 | Snake:3  | Found Otyfiog's Gadget Shop.
 29656 | Snake:3  | Found Meiploapn's Assorted Antiques.
 29656 | Snake:3  | Found Wifidye's Gadget Shop.
 29678 | Snake:3  | Offered knowledge of Starburst by Vehumet.
 29705 | Snake:3  | Found Kashurid's Armour Boutique.
 30265 | Swamp:1  | Entered Level 1 of the Swamp
 30430 | Swamp:1  | You fall into a shaft and drop 1 floor!
 30476 | Swamp:2  | Noticed a thorn hunter
 30499 | Swamp:2  | Banished a thorn hunter
 30500 | Swamp:2  | Reached skill level 5 in Hexes
 30506 | Swamp:2  | Identified the cursed +0 dagger of Uvenet {freeze, *Rage
                  | *Noise rC+++ MR+++}
 30898 | Swamp:2  | Noticed Nikola
 31568 | Swamp:1  | Reached skill level 15 in Ice Magic
 31734 | Swamp:2  | Killed Nikola
 31735 | Swamp:2  | Gained mutation: You have a pair of large antennae on your
                  | head. (SInv) [demonic ancestry]
 31735 | Swamp:2  | Reached XP level 17. HP: 77/153 MP: 25/32
 32492 | Swamp:3  | Noticed Bai Suzhen
 32503 | Swamp:3  | Banished Bai Suzhen
 32880 | Swamp:4  | Entered Level 4 of the Swamp
 34751 | Swamp:4  | Reached skill level 16 in Ice Magic
 35076 | Swamp:4  | Got a decaying rune of Zot
 35548 | Slime:1  | Entered Level 1 of the Pits of Slime
 35548 | Slime:1  | Noticed an acid blob
 35885 | Lair:5   | Banished an acid blob
 35930 | Slime:1  | Noticed an acid blob
 35935 | Lair:5   | Offered knowledge of Lehudib's Crystal Spear by Vehumet.
 35935 | Lair:5   | Offered knowledge of Fire Storm by Vehumet.
 35935 | Lair:5   | Offered knowledge of Absolute Zero by Vehumet.
 36128 | Slime:1  | Banished an acid blob
 36163 | Slime:1  | Noticed an acid blob
 36175 | Slime:1  | Banished an acid blob
 36384 | Lair:5   | Upgraded the game from 0.26-a0-844-g3dd439832f to
                  | 0.26-a0-846-gcc8f1ee719
 36425 | Slime:1  | Noticed an acid blob
 36446 | Slime:1  | Killed an acid blob
 36843 | Slime:1  | Gained mutation: Armour fits poorly on your strangely
                  | shaped body. [a shining eye]
 36950 | Slime:1  | Noticed an acid blob
 36964 | Slime:1  | Noticed an acid blob
 36966 | Slime:1  | Banished an acid blob
 36969 | Slime:1  | Banished an acid blob
 37777 | Lair:5   | Reached XP level 18. HP: 131/163 MP: 27/33
 37968 | Elf:1    | Entered Level 1 of the Elven Halls
 38144 | Elf:1    | Reached skill level 10 in Hexes
 38986 | Elf:1    | Noticed Kirke
 38999 | Elf:1    | Killed Kirke
 39800 | Elf:2    | Found a runed translucent gate.
 39800 | Elf:2    | Found a runed translucent gate.
 39803 | Elf:2    | Found a runed translucent gate.
 40921 | Elf:3    | Entered Level 3 of the Elven Halls
 40930 | Elf:3    | Found Quase's Armour Shop.
 40988 | Elf:3    | Noticed Jessica
 40997 | Elf:3    | Found a shimmering blue altar of Sif Muna.
 41002 | Elf:3    | Killed Jessica
 41634 | Elf:2    | Killed from afar by a deep elf annihilator

Illustrated notes

Levels and vault maps discovered:
D:1:      dpeg_arrival_snail, layout_loops_ring
D:2:      layout_loops_ring, gammafunk_temple_overflow_wave, old_standard_altar
D:3:      layout_loops_ring, lemuel_crystal_altar, kennysheep_generic_room_4,
          uniq_terence
D:4:      layout_basic, gammafunk_temple_overflow_elements,
          lexackson_kobold_supper, uniq_crazy_yiuf_cottage
D:5:      layout_cave_pools, kennysheep_little_box,
          chequers_temple_overflow_minitemple, marbit_many_paths, serial_shops,
          nicolae_shop_temple_entry_statues_fountains, uniq_grinder
D:6:      layout_basic, nicolae_qazlal_general_emergency,
          minmay_temple_entry_slanted, minmay_quadrilaterals
D:7:      layout_cave_pods, nicolae_overflow_crystal_walls, st_stairs_12
D:8:      minmay_bloctagon_deflated, layout_gridville, minmay_holes
D:9:      layout_basic, basic_altar, fungi_pond_lemuel
D:10:     layout_long_grid, kennysheep_generic_room_2, uniq_josephine
D:11:     layout_irregular_city, due_lair_maze_entry_diamond,
          hellmonk_ghost_happy_afterlife, serial_column_ruins,
          column_ruins_square_huge, column_ruins_hut_pillars,
          column_ruins_open_small_water, column_ruins_corridor_plus,
          column_ruins_columns_straight, column_ruins_open_tiny, uniq_erica
D:12:     layout_cave_pods, david_orc_4, serial_shops,
          nicolae_shop_competitors_out_of_business, uniq_azrael
D:13:     layout_roguey, david_vaults_4, uniq_frances
D:14:     layout_basic, serial_shops, shop_fountains, minmay_crystal_room,
          david_defended_altar_elf, uniq_roxanne
D:15:     grunt_enter_depths_magical_seal, layout_irregular_city, minivault_4,
          gauntlet_entry_generic, kennysheep_crisscross,
          nicolae_gozag_seed_capital
Lair:1:   layout_small_grid, portal_ice_cave_entry_imps, serial_bayou_shore_b,
          infiniplex_staircase_pool_2, lemuel_fruit_tree
Lair:2:   layout_chaotic_city, minmay_swamp_entry_reptiles,
          minmay_snake_entry_spellcaster
Lair:3:   layout_cave_pods, serial_bayou_shore_b
Lair:4:   layout_gridlike, grunt_megastairs_2, minmay_lair_oklob_chamber
Lair:5:   layout_roguey, slime_altar_1, chequers_serial_rivers_room_a,
          st_stairs_10
Lair:6:   minmay_lair_end_frog_pond, layout_gridlike, uniq_urug
Swamp:1:  layout_basic_swamp, hangedman_swamp_ruin_wall
Swamp:2:  layout_basic_swamp, evilmike_swamp_ruin_house_3, swamp_pool5,
          uniq_nikola
Swamp:3:  layout_basic_swamp, serial_swamp_ruin, evilmike_swamp_ruin_house_5,
          evilmike_swamp_ruin_wall, uniq_bai_suzhen
Swamp:4:  swamp, layout_basic_swamp
Snake:1:  layout_concentric_octagons, serial_shops, shop, basic_altar
Snake:2:  layout_misc_corridors, serial_bayou_shore_b
Snake:3:  layout_onion_interference, st_stairs_14, minmay_shoptagon
Slime:1:  layout_caves
Orc:1:    layout_diamond_mine
Orc:2:    st_orc_open, layout_diamond_mine, nicolae_volcano_entry_two_sided,
          uniq_maurice
Elf:1:    elf_arrival_001, layout_gridlike,
          hangedman_elven_crosses_minicolossus, st_stairs_14, uniq_kirke
Elf:2:    layout_onion_city, minmay_misc_feat_five, uniq_agnes
Elf:3:    minmay_elf_hall_furrowed, layout_rooms, serial_shops,
          nicolae_shop_stone, shop, tgw_sif, grunt_megastairs_3

Skill      XL: |  1  2  3  4  5  6  7  8  9 10 11 12 13 14 15 16 17 18 |
---------------+-------------------------------------------------------+-----
Ice Magic      | 4 5 6 7 9 11 13 14 15 16 | 16.2
Dodging        | 2 3 4 |  4.3
Stealth        | 2 3 4 5 7 |  7.3
Spellcasting   | 3 4 5 7 8 10 11 12 | 12.2
Maces & Flails | 3 5 7 8 10 11 12 | 12.7
Fighting       | 2 3 4 7 8 9 10 11 | 11.5
Shields        | 1 2 4 6 7 9 10 11 | 11.3
Armour         | 3 7 9 10 11 | 11.1
Throwing       | 1 2 |  2.5
Conjurations   | 4 6 7 8 |  8.0
Hexes          | 6 9 10 | 10.4

Action                   |  1- 3 |  4- 6 |  7- 9 | 10-12 | 13-15 | 16-18 || total
-------------------------+-------+-------+-------+-------+-------+-------++-------
Melee: Dagger            |    32 |    44 |       |       |       |       ||    76
       Mace              |       |    19 |    99 |   525 |  1099 |  1058 ||  2800
Throw: Dart              |     6 |       |       |     2 |     4 |       ||    12
       Throwing net      |       |       |       |       |       |     1 ||     1
 Cast: Freeze            |    29 |    12 |     4 |       |       |     1 ||    46
       Frozen Ramparts   |       |     5 |     8 |       |     8 |    34 ||    55
       Freezing Cloud    |       |       |       |       |     1 |       ||     1
 Abil: Evoke Flight      |       |       |       |       |       |     1 ||     1
  Use: Scroll            |       |     4 |     6 |     9 |    20 |    11 ||    50
       Potion            |       |       |       |    12 |     5 |     1 ||    18
 Stab: Sleeping          |     1 |     3 |     7 |       |       |       ||    11
       Distracted        |     1 |     1 |       |       |       |       ||     2
       Petrifying        |       |       |       |       |     1 |       ||     1
Armor: Robe              |    10 |    12 |    12 |       |       |       ||    34
       Gold dragon scale |       |       |    26 |   491 |   834 |   807 ||  2158
Dodge: Dodged            |    27 |    24 |    45 |    19 |    47 |    18 ||   180
Block: Other             |       |    11 |    20 |    92 |       |       ||   123
       Reflection        |       |     1 |     2 |     4 |    33 |   111 ||   151
       Buckler           |       |       |       |    77 |    79 |       ||   156
       Tower shield      |       |       |       |       |   257 |  1294 ||  1551
       Kite shield       |       |       |       |       |   657 |    11 ||   668

Table legend: (Time is in decaauts)
 A = Elapsed time spent in this place.
 B = Non-inter-level travel time spent in this place.
 C = Inter-level travel time spent in this place.
 D = Time resting spent in this place.
 E = Time spent auto-exploring this place.
 F = Levels seen in this place.
 G = Mean time per level.
                   A        B        C        D        E       F      G
               +--------+--------+--------+--------+--------+-----+--------+
         Total |  41925 |  39753 |   2172 |  11756 |  14340 |  36 | 1164.6 |
       Dungeon |  17088 |  16345 |    743 |   4391 |   6651 |  15 | 1139.2 |
          Lair |   7511 |   6868 |    643 |   1274 |   3754 |   6 | 1251.8 |
         Swamp |   5409 |   5211 |    198 |   2356 |   1362 |   4 | 1352.2 |
     Snake Pit |   3010 |   2788 |    222 |    430 |   1247 |   3 | 1003.3 |
    Slime Pits |   1442 |   1415 |     27 |   1001 |      0 |   1 | 1442.0 |
  Orcish Mines |   2450 |   2317 |    133 |    634 |    834 |   2 | 1225.0 |
   Elven Halls |   3636 |   3431 |    205 |    918 |    490 |   3 | 1212.0 |
      Ice Cave |   1199 |   1199 |      0 |    752 |      0 |   1 | 1199.0 |
       Volcano |    176 |    176 |      0 |      0 |      0 |   1 |  176.0 |
               +--------+--------+--------+--------+--------+-----+--------+

Top non-repeatable levels by time:
 Swamp:3: 2151 daAuts
   Elf:2: 1954 daAuts
  Lair:5: 1934 daAuts
     D:2: 1676 daAuts
   Orc:2: 1661 daAuts
    D:12: 1616 daAuts
    D:11: 1536 daAuts
 Snake:3: 1516 daAuts
   Elf:1: 1499 daAuts
 Slime:1: 1442 daAuts
 Swamp:2: 1271 daAuts
  Lair:6: 1265 daAuts
  Lair:2: 1264 daAuts
     D:6: 1216 daAuts
   IceCv: 1199 daAuts
